 Dungeon Crawl Stone Soup version 0.24.0-2-g5b39cebb1c (webtiles) character file.

Game seed: 294896203351619703, levelgen mode: deterministic

637901 Majang the Executioner (level 27, -22/224 HPs)
             Began as a Formicid Fighter on Oct 28, 2019.
             Was the Champion of Cheibriados.
             Killed from afar by an orb of fire (24 damage)
             ... with a fireball
             ... on level 5 of the Realm of Zot on Oct 31, 2019.
             The game lasted 08:05:17 (73522 turns).

Majang the Executioner (Formicid Fighter)          Turns: 73522, Time: 08:05:18

Health: -22/224    AC: 32    Str: 50 (51) XL:     27
Magic:  26/40      EV: 24    Int: 33      God:    Cheibriados [******]
Gold:   7804       SH: 35    Dex: 24 (25) Spells: 25/46 levels left

rFire    + + .     SeeInvis +   a - +9 battleaxe (freeze)
rCold    + . .     Gourm    .   o - +0 large shield
rNeg     . . .     Faith    .   L - +4 gold dragon scales
rPois    +         Spirit   .   (helmet unavailable)
rElec    .         Reflect  +   b - +2 cloak {rPois}
rCorr    .         Harm     .   i - +2 pair of gloves
MR       ++++.                  M - +2 pair of boots {Stlth+}
Stlth    ..........             t - brooch of Shielding {Reflect SH+8}
HPRegen  0.47/turn              l - ring of Summer {MR+ Str+6 Int+2 Slay+2 Stlth+}
MPRegen  0.27/turn              q - ring "Ipruil" {Fire MR+ Str+4}

@: flying, very slow
A: permanent stasis, dig shafts and tunnels, four strong arms, antennae 3,
blurry vision 1, cold resistance 1, deformed body, deterioration 2, high mp 1,
screaming 1, subdued magic 1
}: 3/15 runes: decaying, abyssal, gossamer
a: Dig, Shaft Self, Bend Time, Temporal Distortion, Slouch, Step From Time,
Renounce Religion


You were on level 5 of the Realm of Zot.
You worshipped Cheibriados.
Cheibriados was exalted by your worship.
You were very full.

You visited 12 branches of the dungeon, and saw 54 of its levels.
You visited the Abyss 1 time.
You also visited: Ossuary, Bailey, Gauntlet and Ice Cave.

You collected 8684 gold pieces.
You spent 880 gold pieces at shops.

Inventory:

Hand Weapons
 a - a +9 battleaxe of freezing (weapon)
 g - a +9 antimagic battleaxe
Missiles
 f - 21 boomerangs (quivered)
 m - 7 boomerangs of dispersal
 x - 36 javelins
 H - 2 throwing nets
 P - 6 silver javelins
Armour
 b - a +2 cloak of poison resistance (worn)
 i - a +2 pair of gloves (worn)
 o - a +0 large shield (worn)
 L - +4 gold dragon scales (worn)
 M - a +2 pair of boots of stealth (worn)
 Y - +0 fire dragon scales
Jewellery
 c - an uncursed ring of protection from cold
 e - the ring of the Unkillable {rElec rPois Str+4 Int+6}
   (You found it on level 3 of the Depths)

   [ring of poison resistance]

   It affects your strength (+4).
   It affects your intelligence (+6).
   It insulates you from electricity.
   It protects you from poison.
 k - the ring of Xom's Passing Interest {rC+ rN+}
   (You took it off a vampire mage on level 4 of the Depths)

   [ring of protection from cold]

   It protects you from cold.
   It protects you from negative energy.
 l - the ring of Summer (left hand) {MR+ Str+6 Int+2 Slay+2 Stlth+}
   (You found it on level 1 of the Realm of Zot)

   [ring of strength]

   It affects your strength (+6).
   It affects your intelligence (+2).
   It affects your accuracy and damage with ranged weapons and melee attacks
   (+2).
   It affects your resistance to hostile enchantments.
   It makes you more stealthy.
 q - the ring "Ipruil" (right hand) {Fire MR+ Str+4}
   (You found it on level 2 of the Depths)

   [ring of fire]

   It enhances your fire magic.
   It affects your strength (+4).
   It protects you from fire.
   It makes you vulnerable to cold.
   It affects your resistance to hostile enchantments.
 r - the ring "Dookhlud" {*Corrode rElec rF++ MR+ Int+3}
   (You found it in an ice cave)

   [ring of intelligence]

   It affects your intelligence (+3).
   It greatly protects you from fire.
   It insulates you from electricity.
   It affects your resistance to hostile enchantments.
   It may corrode you when you take damage.
 s - the ring "Jaom Rep" {*Drain MR+++ MP-9 AC+2 Dex+5}
   (You found it in an ice cave)

   [ring of protection]

   It affects your AC (+2).
   It affects your dexterity (+5).
   It affects your resistance to hostile enchantments.
   It affects your magic capacity (-9).
   It causes draining when unequipped.
 t - the brooch of Shielding (around neck) {Reflect SH+8}
   (You found it in an ice cave)

   [amulet of reflection]

   It shields you and reflects attacks.
   It affects your SH (+8).
 C - the ring of Figeg {Slay+3 Stlth+}
   (You took it off a deep elf mage on level 3 of the Elven Halls)

   [ring of stealth]

   It affects your accuracy and damage with ranged weapons and melee attacks
   (+3).
   It makes you more stealthy.
Wands
 n - a wand of acid (37)
 S - a wand of iceblast (78)
 X - a wand of clouds (11)
 Z - a wand of digging (6)
Scrolls
 A - 10 scrolls of fear
 B - 18 scrolls of remove curse
 G - 19 scrolls of identify
 I - 2 scrolls of silence
 R - 13 scrolls of fog
 U - a scroll of summoning
 W - 6 scrolls of enchant weapon
Potions
 d - 5 potions of mutation
 h - a potion of invisibility
 j - 27 potions of curing
 p - 3 potions of flight
 u - 5 potions of might
 v - 9 potions of agility
 w - 2 potions of cancellation
 z - 8 potions of magic
 D - 5 potions of brilliance
 E - 7 potions of lignification
 F - 2 potions of ambrosia
 N - 3 potions of resistance
 Q - 3 potions of heal wounds
Miscellaneous
 K - a lightning rod (4/4)
Comestibles
 y - 91 rations


   Skills:
 + Level 19.9 Fighting
 - Level 22.4 Axes
 * Level 18.0 Throwing
 + Level 19.9 Armour
 + Level 17.0 Dodging
 + Level 15.8 Shields
 - Level 10.0 Spellcasting
 + Level 13.2 Conjurations
 - Level 10.0 Translocations
 + Level 14.3 Earth Magic
 - Level 10.0 Invocations


You had 25 spell levels left.
You knew the following spells:

 Your Spells              Type           Power        Failure   Level  Hunger
a - Iron Shot             Conj/Erth      ######....   4%          6    #####..
l - Lee's Rapid Deconstr  Erth           ######....   1%          5    ###....
q - Shatter               Erth           ######....   100%        9    #######
y - Apportation           Tloc           ######       1%          1    None

Your spell library contained the following spells:

 Spells                   Type           Power        Failure   Level  Hunger
 Sandblast                Erth           ######       0%          1    None
 Flame Tongue             Conj/Fire      #####        1%          1    None
 Magic Dart               Conj           ####         1%          1    None
 Shock                    Conj/Air       ####         1%          1    None
 Passwall                 Tmut/Erth      #####...     1%          2    None
 Searing Ray              Conj           ######       1%          2    None
 Shroud of Golubria       Chrm/Tloc      #####.       1%          2    None
 Throw Flame              Conj/Fire      ######       1%          2    None
 Conjure Flame            Conj/Fire      ######..     1%          3    None
 Dazzling Spray           Conj/Hex       #####.       1%          3    None
 Gell's Gravitas          Tloc           ######....   1%          3    None
 Static Discharge         Conj/Air       #####...     1%          3    None
 Stone Arrow              Conj/Erth      ######       1%          3    None
 Teleport Other           Tloc           ######..     1%          3    None
 Force Lance              Conj/Tloc      ######..     1%          4    None
 Iskenderun's Mystic Bla  Conj           ######..     1%          4    None
 Passage of Golubria      Tloc           N/A          1%          4    None
 Portal Projectile        Hex/Tloc       #####.       3%          3    None
 Recall                   Summ/Tloc      N/A          3%          3    None
 Mephitic Cloud           Conj/Pois/Air  #####...     4%          3    None
 Leda's Liquefaction      Hex/Erth       #####.....   4%          4    None
 Petrify                  Tmut/Erth      #####...     4%          4    None
 Fulminant Prism          Conj/Hex       #####.....   6%          4    None
 Sticky Flame             Conj/Fire      ######..     6%          4    None
 Bolt of Magma            Conj/Fire/Erth ######....   6%          5    ###....
 Animate Skeleton         Necr           N/A          10%         1    None
 Confusing Touch          Hex            ##....       10%         1    None
 Corona                   Hex            ##.....      10%         1    None
 Infusion                 Chrm           ##..         10%         1    None
 Pain                     Necr           ##..         10%         1    None
 Borgnjor's Vile Clutch   Necr/Erth      #####.....   14%         5    ###....
 Call Imp                 Summ           ##......     16%         2    None
 Ensorcelled Hibernation  Hex/Ice        ##....       16%         2    None
 Poisonous Vapours        Pois/Air       ##....       16%         2    None
 Slow                     Hex            ##......     16%         2    None
 Song of Slaying          Chrm           ##......     16%         2    None
 Swiftness                Chrm/Air       ##......     16%         2    None
 Fireball                 Conj/Fire      ######....   19%         5    ###....
 Irradiate                Conj/Tmut      #####.....   19%         5    ###....
 Iskenderun's Battlesphe  Conj/Chrm      #####...     19%         5    ###....
 Lightning Bolt           Conj/Air       #####.....   19%         5    ###....
 Dispersal                Tloc           ######....   26%         6    #####..
 Confuse                  Hex            ##......     30%         3    None
 Ignite Poison            Fire/Tmut/Pois ###.....     30%         3    None
 Inner Flame              Hex/Fire       ###.....     30%         3    None
 Regeneration             Chrm/Necr      ##........   30%         3    None
 Spectral Weapon          Hex/Chrm       ##......     30%         3    None
 Tukima's Dance           Hex            ##......     30%         3    None
 Vampiric Draining        Necr           ##........   30%         3    None
 Summon Forest            Summ/Tloc      #####.....   34%         5    ###....
 Statue Form              Tmut/Erth      #####....    63%         6    #####..
 Airstrike                Air            ##........   71%         4    None
 Animate Dead             Necr           N/A          71%         4    None
 Summon Ice Beast         Ice/Summ       ##......     71%         4    None
 Summon Lightning Spire   Summ/Air       ##......     71%         4    None
 Bolt of Fire             Conj/Fire      ######....   73%         6    #####..
 Conjure Ball Lightning   Conj/Air       #####.....   73%         6    #####..
 Freezing Cloud           Conj/Ice/Air   #####.....   95%         6    #####..
 Excruciating Wounds      Chrm/Necr      ##........   96%         5    ###....
 Metabolic Englaciation   Hex/Ice        ##........   96%         5    ###....
 Silence                  Hex/Air        ##........   96%         5    ###....
 Summon Mana Viper        Hex/Summ       ##......     96%         5    ###....
 Yara's Violent Unravell  Hex/Tmut       ##........   96%         5    ###....
 Darkness                 Hex            ##........   100%        6    #####..
 Death Channel            Necr           ##........   100%        6    #####..
 Deflect Missiles         Chrm/Air       ##........   100%        6    #####..
 Hydra Form               Tmut           ##........   100%        6    #####..
 Invisibility             Hex            ##......     100%        6    #####..
 Simulacrum               Ice/Necr       ##........   100%        6    #####..
 Dragon Form              Tmut           ##........   100%        7    ######.
 Malign Gateway           Summ/Tloc      #####.....   100%        7    ######.
 Monstrous Menagerie      Summ           ##........   100%        7    ######.
 Ring of Flames           Chrm/Fire      ###.......   100%        7    ######.
 Summon Greater Demon     Summ           ##........   100%        7    ######.
 Discord                  Hex            ##........   100%        8    #######
 Ignition                 Fire           ###.......   100%        8    #######
 Summon Horrible Things   Summ           ##........   100%        8    #######
 Tornado                  Air            ##........   100%        9    #######
 Blink                    Tloc           Unusable     N/A         2    N/A

Dungeon Overview and Level Annotations

Branches:
Dungeon (15/15)            Temple (0/1) D:6            Lair (6/6) D:10
  Swamp (4/4) Lair:3       Spider (4/4) Lair:3        Slime (0/5) Lair:5
    Orc (2/2) D:10            Elf (3/3) Orc:2        Vaults (5/5) D:13
  Crypt (3/3) Vaults:3       Tomb (1/3) Crypt:3      Depths (5/5) D:15
   Hell (visited)             Dis (0/7) Hell            Geh (0/7) Hell
    Coc (0/7) Hell            Tar (0/7) Hell            Zot (5/5) Depths:5
Ossuary (visited)          Bailey (visited)           IceCv (visited)
Gauntlet (visited)

Altars:
Ashenzari
Cheibriados
Elyvilon
Kikubaaqudgha
Makhleb
Okawaru
Uskayaw
Wu Jian
Yredelemnul
Zin
Jiyva

Shops:
D:14 :   Orc:2 (=}   Vaults:4 *   Depths:2 [

Portals:
Hell: Depths:1 Depths:2 Depths:3 Depths:4 Depths:5
Abyss: Depths:1 Depths:2 Depths:4
Pandemonium: Depths:3 Depths:5
Ziggurat: Depths:4

Annotations:
Lair:4 exclusion: 4 oklob plants


Innate Abilities, Weirdness & Mutations

You cannot be hasted, slowed, berserked, paralysed or teleported.
You can dig through walls and to a lower floor.
Your four strong arms can wield two-handed weapons with a shield.
You have a pair of large antennae on your head. (SInv)
Scrolls take you a little longer to read.
Your flesh is cold resistant. (rC+)
Armour fits poorly on your strangely shaped body.
Your body often deteriorates upon taking damage.
You have an increased reservoir of magic. (+10% MP)
You occasionally shout uncontrollably at your foes.
Your spells are a little easier to cast, but a little less powerful.


Message History

The bolt of fire misses you.
Throwing (i - inventory. (/) - cycle)
f - 21 boomerangs (quivered)
Press: ? - help, Shift-Dir - straight line, f/p - orb of fire
Aim: an orb of fire (almost destroyed)
You throw a boomerang. The boomerang hits the orb of fire!!
The orb of fire is almost destroyed.
The electric golem hurls lightning at you.
The bolt of lightning hits you!
* * * LOW HITPOINT WARNING * * *
The electric golem hurls lightning at you.
The bolt of lightning misses you.
Throwing (i - inventory. (/) - cycle)
f - 21 boomerangs (quivered)
Press: ? - help, Shift-Dir - straight line, f/p - orb of fire
Aim: an orb of fire (almost destroyed)
Okay, then.
You miss the orb of fire.
The orb of fire is almost destroyed.
The orb of fire glows red.
The fireball explodes!
The fireball engulfs you!! You resist.
You die...

#.....^.§............###.
#.......D............# ##
#.)..................# #
#...........(........# #
#......^.............#
#....^..^(...........# #
*#....).........§...## #
*#....*........^..## ##
##....@...8.....## #.
################ ## # #
##### ##...# ##### #....#
#### #.^.####....# #...
#......#....###...


You could see an orb of fire, an electric golem and a shadow dragon.

Vanquished Creatures
  Mara (Crypt:1)
  2 orbs of fire
  3 ancient liches
  7 juggernauts
  The ghost of Bazinnaoc the Fencer, a veteran BaIE of Cheibriados (Depths:4)
  Bai Suzhen (Depths:3)
  Geryon (Hell)
  2 caustic shrikes
  Xtahua (Depths:4)
  A Killer Klown (Zot:5)
  2 curse toes (Zot:2)
  Jory (Crypt:3)
  6 golden dragons
  Nikola (Depths:1)
  2 profane servitors
  3 bone dragons
  Arachne (Spider:3)
  Rupert (Lair:6)
  6 liches
  17 tentacled monstrosities
  5 titans
  Asterion (Spider:3)
  10 Orb Guardians (Zot:5)
  4 quicksilver dragons
  3 deep elf blademasters
  A deep elf master archer (Elf:3)
  5 ancient champions (Crypt:2)
  2 tentacled starspawn
  Frances (Swamp:1)
  5 tengu reavers
  11 death cobs
  2 thorn hunters
  3 sphinxes
  Roxanne (Swamp:3)
  10 shadow dragons
  Kirke (D:14)
  3 draconian monks
  2 revenants
  Donald (Spider:4)
  17 storm dragons
  6 ghost moths
  17 fire giants
  A nagaraja (Abyss:4)
  5 balrugs
  A fire giant (shapeshifter) (Depths:3)
  2 deep elf sorcerers
  5 emperor scorpions
  Louise (Swamp:2)
  10 vault wardens
  4 draconian scorchers
  4 iron dragons
  2 draconian knights
  11 frost giants
  4 deep elf elementalists
  Aizul (Swamp:2)
  A spriggan defender (Depths:5)
  4 draconian shifters
  6 reapers (Hell)
  3 draconian stormcallers
  A curse skull (Crypt:2)
  6 ironheart preservers
  6 war gargoyles
  18 very ugly things
  A caustic shrike skeleton (Crypt:1)
  2 draconian annihilators
  15 stone giants
  12 vampire knights
  7 entropy weavers
  9 deep elf demonologists
  Nessos (D:15)
  A minotaur (Gauntlet)
  Azrael (Spider:3)
  2 red draconians
  A lorocyproca (Hell)
  9 deep elf annihilators
  9 purple draconians
  6 green draconians
  2 black draconians
  15 spark wasps
  The ghost of Morbidden the Thaumaturge, a journeyman GnWz of Fedhas (D:12)
  11 yellow draconians
  3 white draconians
  A green death (Depths:3)
  2 pearl dragon zombies (Depths:5)
  7 ettins
  18 fire dragons
  3 crystal guardians (Crypt:3)
  2 eidola (Crypt:2)
  8 jiangshi
  3 deep elf high priests
  12 deep elf death magi
  16 yaktaur captains
  Josephine (D:12)
  15 hydras
  6 great orbs of eyes
  The ghost of ChadusMaximus the Cleaver, a journeyman MiBe of Trog (Lair:3)
  A rakshasa (Vaults:3)
  10 ogre magi
  6 vault guards
  23 ice dragons
  2 juggernaut simulacra (Depths:4)
  5 spriggan air magi
  3 shambling mangroves
  4 ghost crabs
  A two-headed ogre (shapeshifter) (Depths:3)
  7 centaur warriors
  5 death knights
  2 death scarabs (Gauntlet)
  30 dancing weapons
  43 two-headed ogres
  11 alligators
  9 deep troll shamans
  7 tengu warriors
  A queen ant (Spider:4)
  8 deep troll earth magi
  6 orc high priests
  7 hell hogs
  A satyr (Abyss:4)
  12 vampire magi
  A thrashing horror (Abyss:4)
  4 soul eaters (Hell)
  2 titan zombies (Crypt:3)
  5 sun demons
  6 spriggans
  6 spriggan berserkers
  17 deep elf knights
  8 hell knights
  A storm dragon zombie (Crypt:2)
  The ghost of Emblim88 the Archer, a novice CeHu of Okawaru (D:8)
  A shock serpent (shapeshifter) (Vaults:4)
  25 skeletal warriors
  A titan skeleton (Crypt:2)
  A shadow wraith (Crypt:2)
  4 iron trolls
  A swamp dragon (Swamp:4)
  9 deep trolls
  An unseen horror (D:11)
  A sea snake (shapeshifter) (Depths:4)
  6 large abominations
  5 spectral hydras
  4 wizards
  12 ironbrand convokers
  4 glowing orange brains
  A torturous demonspawn (Depths:3)
  9 flayed ghosts
  A shadow dragon zombie (Crypt:3)
  4 harpies (Vaults:1)
  4 anaconda zombies
  11 deep elf archers
  A lindwurm (shapeshifter) (D:13)
  3 orange crystal statues
  11 necromancers
  13 phantasmal warriors
  8 orc knights
  Pikel (D:7)
  19 ugly things
  8 wolf spider zombies (Spider:2)
  26 orb spiders
  A frost giant zombie (Crypt:3)
  2 moths of wrath (shapeshifter)
  An orb spider (shapeshifter) (Vaults:2)
  4 orc sorcerers (Orc:2)
  58 deep elf magi
  A faun (shapeshifter) (Depths:1)
  35 wolf spiders
  7 cyclopes
  A worldbinder (Abyss:4)
  A dire elephant zombie (Crypt:3)
  3 manticores
  10 elephants
  28 moths of wrath
  4 apis skeletons (Depths:5)
  An apocalypse crab (Abyss:4)
  Maurice (Orc:2)
  A guardian serpent (Abyss:4)
  2 guardian serpents (shapeshifter)
  A frost giant skeleton (Crypt:3)
  An iron dragon skeleton (Crypt:3)
  4 rust devils
  13 vault sentinels
  3 black mambas
  A gargoyle (D:13)
  28 spiny frogs
  3 orange demons
  2 ice statues (IceCv)
  2 torpor snails
  Psyche (D:11)
  3 smoke demons
  A shock serpent skeleton (Crypt:3)
  12 redback zombies (Spider:2)
  6 centaur skeletons
  2 dire elephant skeletons (Crypt:3)
  3 rime drakes
  41 yaktaurs
  12 freezing wraiths
  A yaktaur (shapeshifter) (Vaults:1)
  An efreet (D:13)
  A hellion (Hell)
  7 komodo dragons
  A red draconian zombie (Crypt:1)
  2 hellwings
  A kobold demonologist (Depths:2)
  A guardian mummy (Tomb:1)
  2 komodo dragons (shapeshifter)
  9 demonic crawlers
  A sea snake zombie (Crypt:2)
  2 swamp worm zombies (Swamp:4)
  A grey draconian skeleton (Crypt:1)
  3 red devils (Hell)
  An ancient zyme (Abyss:4)
  A green draconian skeleton (Crypt:2)
  9 ice devils
  4 tengu conjurers
  A jumping spider (shapeshifter) (Vaults:1)
  7 trolls
  A meliai (shapeshifter) (Depths:5)
  A pale draconian skeleton (Crypt:2)
  A wolf spider simulacrum (D:13)
  5 hydra zombies
  35 jumping spiders
  8 tyrant leeches
  22 hornets
  An ettin zombie (Crypt:3)
  A hornet (shapeshifter) (Vaults:1)
  A spectral dream sheep (Lair:3)
  2 alligator zombies (Swamp:4)
  5 raiju (Abyss:3)
  A tengu simulacrum (Vaults:1)
  5 tarantella zombies (Spider:2)
  8 bog bodies
  8 hippogriffs
  2 spectral swamp dragons (Swamp:4)
  23 blink frogs
  3 spectral black mambas
  2 hippogriffs (shapeshifter) (Vaults:1)
  A satyr skeleton (Crypt:1)
  46 slime creatures
  A meliai zombie (D:12)
  3 air elementals (Elf:1)
  36 flying skulls
  12 starcursed masses
  An alligator skeleton (Hell)
  75 redbacks
  3 shadows
  5 water elementals
  A tarantella (shapeshifter) (Vaults:3)
  20 wraiths
  A wyvern (shapeshifter) (Vaults:1)
  5 hogs (D:14)
  4 wyverns
  37 tarantellas
  4 fire bats (D:9)
  10 fire elementals
  60 yaks
  7 basilisks
  2 spectral komodo dragons
  A golden eye (shapeshifter) (Vaults:2)
  3 humans (shapeshifter)
  3 hungry ghosts
  2 chaos spawn
  A steam dragon (D:10)
  23 vampire mosquitoes
  5 wargs
  Edmund (D:6)
  6 insubstantial wisps
  A neqoxec (Gauntlet)
  A deep troll zombie (Crypt:2)
  4 soldier ants
  18 swamp worms
  4 hell hounds
  4 acid dragons
  A hydra simulacrum (Hell)
  7 water moccasins
  Duvessa (D:4)
  2 spiny frog zombies (Hell)
  7 swamp drakes
  11 porcupines
  42 orc warriors
  5 sky beasts
  A meliai simulacrum (Gauntlet)
  26 ice beasts
  2 alligator simulacra (Hell)
  An eye of draining (D:13)
  A sky beast (shapeshifter) (Depths:3)
  2 black bears
  2 swamp dragon zombies (Swamp:4)
  11 boggarts
  15 centaurs
  9 necrophages
  12 wolves
  26 ogres
  3 phantoms (Swamp:4)
  9 crocodiles
  A crocodile (shapeshifter) (Depths:5)
  6 big kobolds
  3 elf zombies (Ossuary)
  Blork the orc (D:4)
  4 earth elementals
  24 bullfrogs
  4 wyvern skeletons
  A small abomination (Abyss:3)
  A human simulacrum (Vaults:1)
  6 scorpions
  A dream sheep simulacrum (Lair:3)
  Dowan (D:4)
  5 killer bees (D:13)
  12 wights
  7 howler monkeys
  8 jellies
  10 electric eels
  5 crimson imps
  2 lava snakes (D:9)
  3 quasits (D:8)
  5 centaur zombies
  13 hounds
  A jelly (shapeshifter) (Depths:5)
  A wyvern simulacrum (Gauntlet)
  2 bullfrog zombies
  A komodo dragon simulacrum (Lair:3)
  5 human zombies (Ossuary)
  31 orc priests
  4 iron imps (Hell)
  Jessica (D:2)
  6 bullfrog skeletons
  Terence (D:2)
  A demonspawn skeleton (Crypt:1)
  6 iguanas
  Natasha (thrice) (D:2)
  2 spectral swamp drakes (Swamp:4)
  28 orc wizards
  11 worker ants
  5 hell rats (Hell)
  An ogre zombie (Crypt:3)
  A bullfrog simulacrum (Gauntlet)
  2 centaur simulacra (Gauntlet)
  An acid dragon skeleton (Crypt:2)
  2 hound zombies (D:8)
  2 hound skeletons
  5 mummies
  7 gnolls
  2 howler monkey skeletons (D:11)
  11 adders
  A steam dragon skeleton (Crypt:1)
  5 shadow imps
  A white imp (Abyss:3)
  An ooze (D:2)
  A halfling zombie (Crypt:1)
  3 adder skeletons
  3 worms
  2 dart slugs
  3 leopard geckos
  88 orcs
  5 giant cockroaches
  7 hobgoblins
  14 jackals
  9 quokkas
  A ball python (D:3)
  6 bats
  3 frilled lizards
  5 goblins
  25 kobolds
  An orc skeleton (Crypt:1)
  11 rats
  A butterfly (Lair:4)
  2 fire vortices (D:9)
  8 plants
2490 creatures vanquished.

Vanquished Creatures (others)
  A deep elf master archer (Elf:3)
  A sphinx (Depths:1)
  A fire giant (Depths:1)
  A war gargoyle (Crypt:3)
  2 stone giants
  2 yaktaur captains
  3 centaur warriors
  A deep troll earth mage (Depths:2)
  3 hell hogs
  3 deep trolls (Depths:1)
  5 deep elf archers
  An orc knight (Vaults:4)
  A moth of wrath (Zot:2)
  2 cyclopes
  A vault sentinel (Vaults:3)
  9 yaktaurs
  2 jumping spiders (Spider:3)
  2 redbacks (Spider:3)
  2 insubstantial wisps (Swamp:4)
  An orc warrior (Bailey)
  2 boggarts
  4 centaurs
  An orc wizard (D:13)
  A bullfrog skeleton (D:13)
  2 orcs
  23 demonic plants (Gauntlet)
  A fire vortex (D:9)
  36 fungi
  A lurking horror (Abyss:4)
  67 plants
  2 starspawn tentacles (Abyss:4)
184 creatures vanquished.

Grand Total: 2674 creatures vanquished

Notes
Turn   | Place    | Note
-------+----------+-------------------------------------------
     0 | D:1      | Majang the Formicid Fighter began the quest for the Orb.
     0 | D:1      | Reached XP level 1. HP: 18/18 MP: 1/1
   249 | D:1      | Reached XP level 2. HP: 24/24 MP: 2/2
   480 | D:1      | Reached XP level 3. HP: 27/29 MP: 3/3
  1401 | D:2      | Found an iron altar of Okawaru.
  1456 | D:2      | Reached skill level 1 in Dodging
  1473 | D:2      | Noticed Terence
  1494 | D:2      | Killed Terence
  1494 | D:2      | Reached XP level 4. HP: 32/37 MP: 4/4
  1495 | D:2      | Reached skill level 3 in Axes
  1553 | D:2      | Noticed Jessica
  1582 | D:2      | Killed Jessica
  1582 | D:2      | Reached XP level 5. HP: 40/42 MP: 5/5
  1594 | D:2      | Found a faded altar of an unknown god.
  1638 | D:2      | Found an ornate altar of the Wu Jian Council.
  1638 | D:2      | Noticed Natasha
  1644 | D:2      | Killed Natasha
  1660 | D:2      | Noticed Natasha
  1679 | D:2      | Killed Natasha
  1918 | D:2      | Noticed Natasha
  1944 | D:2      | Killed Natasha
  1944 | D:2      | Reached XP level 6. HP: 8/48 MP: 6/6
  2870 | D:3      | Reached skill level 4 in Axes
  3424 | D:4      | Reached XP level 7. HP: 19/55 MP: 7/7
  4380 | D:4      | Noticed Dowan
  4380 | D:4      | Noticed Duvessa
  4402 | D:4      | Killed Dowan
  4550 | D:4      | Noticed Blork the orc
  4565 | D:4      | Killed Blork the orc
  4565 | D:4      | Reached skill level 5 in Shields
  4612 | D:4      | Killed Duvessa
  4870 | D:4      | Reached skill level 5 in Axes
  4923 | D:4      | Reached skill level 5 in Armour
  4923 | D:4      | Reached XP level 8. HP: 61/61 MP: 8/8
  4967 | D:4      | Reached skill level 5 in Fighting
  4992 | D:4      | Found a hide-covered altar of Uskayaw.
  4992 | D:4      | Found a shattered altar of Ashenzari.
  4993 | D:4      | Found a snail-covered altar of Cheibriados.
  5000 | D:4      | Became a worshipper of Cheibriados the Contemplative
  5068 | D:5      | Entered Level 5 of the Dungeon
  5172 | D:5      | Reached skill level 1 in Invocations
  5652 | D:5      | Reached * piety under Cheibriados
  5910 | D:6      | Found a sand-covered staircase.
  5916 | D:6      | Reached skill level 6 in Axes
  5922 | Ossuary  | Entered an ossuary
  5988 | Ossuary  | Reached XP level 9. HP: 65/68 MP: 10/10
  6221 | D:6      | Found a staircase to the Ecumenical Temple.
  6248 | D:6      | Reached ** piety under Cheibriados
  6521 | D:6      | Reached skill level 7 in Axes
  6585 | D:6      | Found a burning altar of Makhleb.
  6876 | D:6      | Noticed Edmund
  6897 | D:6      | Killed Edmund
  7109 | D:7      | Reached XP level 10. HP: 70/77 MP: 13/13
  7427 | D:7      | Noticed Pikel
  7440 | D:7      | Killed Pikel
  7440 | D:7      | Reached skill level 8 in Axes
  7977 | D:7      | Reached *** piety under Cheibriados
  8217 | D:8      | Reached skill level 5 in Invocations
  8319 | D:8      | Found a white marble altar of Elyvilon.
  8374 | D:8      | Noticed Emblim88's ghost (novice CeHu)
  8397 | D:8      | Found a transporter.
  8623 | D:8      | Found a transporter.
  8718 | D:8      | Killed Emblim88's ghost
  8718 | D:8      | Reached skill level 5 in Dodging
  8835 | D:8      | Reached XP level 11. HP: 28/84 MP: 15/15
  9112 | D:9      | Found a glowing silver altar of Zin.
  9218 | D:9      | Reached skill level 9 in Axes
  9270 | D:9      | Reached **** piety under Cheibriados
 10048 | D:10     | Entered Level 10 of the Dungeon
 10057 | D:10     | Found a staircase to the Orcish Mines.
 10107 | D:10     | Found a flagged portal.
 10117 | Bailey   | Entered a bailey
 10117 | Bailey   | Noticed an orc knight
 10117 | Bailey   | Noticed an orc knight
 10151 | Bailey   | Killed an orc knight
 10315 | Bailey   | Killed an orc knight
 10781 | D:10     | Noticed a two-headed ogre
 10789 | D:10     | Killed a two-headed ogre
 10789 | D:10     | Reached skill level 10 in Axes
 10949 | D:10     | Reached ***** piety under Cheibriados
 10949 | D:10     | Reached XP level 12. HP: 83/94 MP: 17/17
 11148 | D:10     | Found a staircase to the Lair.
 11914 | Lair:1   | Entered Level 1 of the Lair of Beasts
 13197 | Lair:2   | Reached skill level 11 in Axes
 13412 | Lair:2   | Reached skill level 10 in Shields
 13669 | Lair:2   | Noticed an eight-headed hydra
 13683 | Lair:2   | Killed an eight-headed hydra
 13894 | Lair:2   | Reached XP level 13. HP: 95/101 MP: 19/19
 13929 | Lair:3   | Found a staircase to the Swamp.
 13931 | Lair:3   | Found a hole to the Spider Nest.
 14029 | Lair:3   | Found a runed translucent gate.
 14090 | Lair:3   | Found a runed translucent gate.
 14091 | Lair:3   | Found a runed translucent gate.
 14093 | Lair:3   | Noticed ChadusMaximus's ghost (journeyman MiBe)
 14166 | Lair:3   | Noticed a four-headed hydra
 14175 | Lair:3   | Killed a four-headed hydra
 14196 | Lair:3   | Reached ****** piety under Cheibriados
 14256 | Lair:3   | Noticed a seven-headed hydra
 14263 | Lair:3   | Killed a seven-headed hydra
 14987 | Lair:4   | Noticed a five-headed hydra
 14994 | Lair:4   | Killed a five-headed hydra
 15103 | Lair:4   | Reached skill level 12 in Axes
 15680 | Lair:4   | Reached skill level 10 in Fighting
 15721 | Lair:4   | Reached skill level 10 in Armour
 16522 | Lair:5   | Noticed an eight-headed hydra
 16529 | Lair:5   | Killed an eight-headed hydra
 16632 | Lair:5   | Found a staircase to the Slime Pits.
 16940 | Lair:5   | Found a viscous altar of Jiyva.
 17246 | Lair:6   | Entered Level 6 of the Lair of Beasts
 17248 | Lair:6   | Found a gate leading to a gauntlet.
 17257 | Lair:6   | Reached XP level 14. HP: 66/110 MP: 21/21
 17418 | Gauntlet | Entered a Gauntlet
 17418 | Gauntlet | Found a transporter.
 17418 | Gauntlet | Found a large runed translucent door.
 17418 | Gauntlet | Found a large runed translucent door.
 17418 | Gauntlet | Found a large runed translucent door.
 17418 | Gauntlet | Found a large runed translucent door.
 17418 | Gauntlet | Found a runed translucent door.
 17418 | Gauntlet | Found a runed translucent door.
 17418 | Gauntlet | Found a large runed translucent door.
 17418 | Gauntlet | Found a large runed translucent door.
 17418 | Gauntlet | Found a large runed translucent door.
 17418 | Gauntlet | Found a large runed translucent door.
 17418 | Gauntlet | Found a large runed translucent door.
 17418 | Gauntlet | Found a large runed translucent door.
 17419 | Gauntlet | Found a large runed translucent door.
 17419 | Gauntlet | Found a large runed translucent door.
 17420 | Gauntlet | Found a large runed translucent door.
 17420 | Gauntlet | Found a large runed translucent door.
 17420 | Gauntlet | Found a large runed translucent door.
 17420 | Gauntlet | Found a large runed translucent door.
 17424 | Gauntlet | Found a runed translucent gate.
 17424 | Gauntlet | Found a runed translucent gate.
 17424 | Gauntlet | Found a runed translucent gate.
 17426 | Gauntlet | Found a transporter.
 17428 | Gauntlet | Found a transporter.
 17430 | Gauntlet | Found a transporter.
 17448 | Gauntlet | Found a transporter.
 17461 | Gauntlet | Found a transporter.
 17470 | Gauntlet | Found a transporter.
 17485 | Gauntlet | Found a transporter.
 17504 | Gauntlet | Found a transporter.
 17534 | Gauntlet | Found a transporter.
 17564 | Gauntlet | Found a transporter.
 17570 | Gauntlet | Found a transporter.
 17595 | Gauntlet | Found a transporter.
 17600 | Gauntlet | Found a transporter.
 17602 | Gauntlet | Found a transporter.
 17675 | Gauntlet | Found a transporter.
 17682 | Gauntlet | Found a transporter.
 17733 | Gauntlet | Found a transporter.
 17916 | Gauntlet | Got a heavily runed pewter ring
 17923 | Gauntlet | Identified the ring of Otuango {*Tele Int+3} (You found it
                  | in a Gauntlet)
 17927 | Gauntlet | Noticed a minotaur
 17948 | Gauntlet | Killed a minotaur
 18003 | Gauntlet | Identified the Grimoire of Ashen Enchantment
 18010 | Gauntlet | Identified the Guide on Orientation
 18014 | Gauntlet | Learned a level 1 spell: Apportation
 18044 | Lair:6   | Reached skill level 10 in Invocations
 18275 | Lair:6   | Reached skill level 13 in Axes
 18641 | Lair:6   | Reached skill level 1 in Spellcasting
 18661 | Lair:6   | Reached skill level 1 in Translocations
 19102 | Lair:6   | Reached skill level 1 in Throwing
 19197 | Lair:6   | Noticed Rupert
 19227 | Lair:6   | Killed Rupert
 20520 | Lair:6   | Reached XP level 15. HP: 114/118 MP: 22/22
 20955 | Orc:1    | Entered Level 1 of the Orcish Mines
 21313 | Orc:1    | Found a frozen archway.
 21338 | IceCv    | Entered an ice cave
 21847 | IceCv    | Found the brooch of Shielding {Reflect SH+8}
 21941 | IceCv    | Got a crude turquoise ring
 21943 | IceCv    | Got a bound silver ring
 21960 | IceCv    | Identified the ring "Dookhlud" {*Corrode rElec rF++ MR+
                  | Int+3} (You found it in an ice cave)
 21961 | IceCv    | Identified the ring "Jaom Rep" {*Drain MR+++ MP-9 AC+2
                  | Dex+5} (You found it in an ice cave)
 22684 | Orc:2    | Entered Level 2 of the Orcish Mines
 23348 | Orc:2    | Found a staircase to the Elven Halls.
 23678 | Orc:2    | Noticed Maurice
 23706 | Orc:2    | Killed Maurice
 23959 | Orc:2    | Found Peohak's Jewellery Emporium.
 23959 | Orc:2    | Found Himei's Gadget Emporium.
 23959 | Orc:2    | Found Sexenon's Jewellery Shoppe.
 23963 | Orc:2    | Found Niasauc's Antique Weapon Shoppe.
 24400 | D:11     | Reached skill level 14 in Axes
 24658 | D:11     | Noticed Psyche
 24660 | D:11     | Killed Psyche
 25141 | D:12     | Noticed Josephine
 25146 | D:12     | Killed Josephine
 25474 | D:12     | Noticed Morbidden's ghost (journeyman GnWz)
 25559 | D:12     | Found a runed translucent door.
 25591 | D:12     | Killed Morbidden's ghost
 25985 | Spider:1 | Entered Level 1 of the Spider Nest
 26000 | Spider:1 | Reached XP level 16. HP: 126/126 MP: 14/23
 26671 | Spider:2 | Reached skill level 5 in Spellcasting
 27000 | Spider:2 | Reached skill level 5 in Throwing
 27106 | Spider:2 | Reached skill level 5 in Translocations
 27445 | Spider:2 | Upgraded the game from 0.24.0-1-gfbc8707122 to
                  | 0.24.0-2-g5b39cebb1c
 27486 | Spider:3 | Noticed Azrael
 27500 | Spider:3 | Reached skill level 10 in Dodging
 27511 | Spider:3 | Killed Azrael
 27534 | Spider:3 | Reached XP level 17. HP: 123/133 MP: 9/25
 27610 | Spider:3 | Reached skill level 15 in Axes
 28238 | Spider:3 | Noticed Asterion
 28255 | Spider:3 | Killed Asterion
 28627 | Spider:3 | Noticed Arachne
 28646 | Spider:3 | Killed Arachne
 28868 | Spider:4 | Entered Level 4 of the Spider Nest
 28943 | Spider:4 | Noticed Donald
 28961 | Spider:4 | Killed Donald
 30091 | Spider:4 | Reached XP level 18. HP: 142/142 MP: 19/28
 30538 | Spider:4 | Got a gossamer rune of Zot
 30667 | Lair:3   | Killed ChadusMaximus's ghost
 30764 | Swamp:1  | Entered Level 1 of the Swamp
 30927 | Swamp:1  | Noticed Frances
 30942 | Swamp:1  | Killed Frances
 31304 | Swamp:1  | Reached skill level 16 in Axes
 32043 | Swamp:2  | Noticed Aizul
 32044 | Swamp:2  | Noticed Louise
 32132 | Swamp:2  | Cast into level 3 of the Abyss (Louise)
 33008 | Abyss:4  | Reached XP level 19. HP: 94/104 MP: 30/30
 33010 | Abyss:4  | Got an abyssal rune of Zot
 33012 | Swamp:2  | Escaped the Abyss
 33019 | Swamp:2  | Killed Aizul
 33032 | Swamp:2  | Killed Louise
 34416 | Swamp:3  | Noticed Roxanne
 34450 | Swamp:3  | Killed Roxanne
 34503 | Swamp:3  | Learned a level 9 spell: Shatter
 35046 | Swamp:3  | Reached skill level 1 in Earth Magic
 35217 | Swamp:4  | Entered Level 4 of the Swamp
 36420 | Swamp:4  | Noticed a bone dragon
 36839 | Swamp:4  | Got a decaying rune of Zot
 37171 | Swamp:4  | Got a bloodstained scale mail
 37173 | Swamp:4  | Identified the +5 scale mail of a Gauntlet {rC+ Regen+
                  | Slay+3} (You found it on level 4 of the Swamp)
 37323 | Swamp:4  | Killed a bone dragon
 37658 | D:13     | Found an ornate altar of the Wu Jian Council.
 37969 | D:13     | Identified the +3 scimitar of Royalism {venom, +Inv}
 37982 | D:13     | Identified the +7 scimitar "Ritwyadd" {speed, rN+ Dex+4
                  | Stlth+}
 38200 | D:13     | Found a gate to the Vaults.
 38329 | D:13     | Identified the +3 scale mail of Inviolability {Str+6} (You
                  | found it on level 13 of the Dungeon)
 38505 | D:13     | Reached XP level 20. HP: 143/158 MP: 32/32
 38783 | D:14     | Noticed Kirke
 38841 | D:14     | Found Hile's Book Boutique.
 38851 | D:14     | Bought a book of Geomancy for 560 gold pieces
 38857 | D:14     | Learned a level 5 spell: Lee's Rapid Deconstruction
 39185 | D:14     | Killed Kirke
 39575 | D:15     | Entered Level 15 of the Dungeon
 39638 | D:15     | Noticed Nessos
 39641 | D:15     | Killed Nessos
 39686 | D:15     | Reached skill level 17 in Axes
 39714 | D:15     | Found a staircase to the Depths.
 39943 | D:15     | Got a twitching graven amulet
 39946 | D:15     | Identified the amulet "Weux" {Inacc MR+ SInv} (You found it
                  | on level 15 of the Dungeon)
 40736 | Vaults:1 | Entered Level 1 of the Vaults
 40924 | Elf:1    | Entered Level 1 of the Elven Halls
 41055 | Elf:1    | Reached skill level 15 in Shields
 41479 | Elf:1    | Reached skill level 5 in Earth Magic
 42032 | Elf:2    | Found a huge runed translucent gate.
 42032 | Elf:2    | Found a huge runed translucent gate.
 42033 | Elf:2    | Found a huge runed translucent gate.
 42034 | Elf:2    | Found a huge runed translucent gate.
 42035 | Elf:2    | Found a huge runed translucent gate.
 42187 | Elf:2    | Reached XP level 21. HP: 165/165 MP: 8/34
 43232 | Elf:3    | Entered Level 3 of the Elven Halls
 43610 | Vaults:1 | Identified a scroll of acquirement
 43904 | Vaults:1 | Reached skill level 10 in Spellcasting
 44162 | Vaults:1 | Reached skill level 18 in Axes
 44168 | Vaults:1 | Reached skill level 10 in Throwing
 44727 | Vaults:2 | Reached XP level 22. HP: 173/173 MP: 27/36
 45950 | Vaults:3 | Reached skill level 15 in Armour
 45969 | Vaults:3 | Reached skill level 15 in Fighting
 45972 | Vaults:3 | Reached skill level 10 in Translocations
 46187 | Vaults:3 | Found a staircase to the Crypt.
 46290 | Vaults:3 | Got a crude ring mail
 46291 | Vaults:3 | Identified the +2 ring mail of Subjectivity {rC+} (You
                  | found it on level 3 of the Vaults)
 46881 | Vaults:3 | Identified Wifiunio's Handbook of the Entrancing Snowflakes
 47523 | Vaults:4 | Found Utecengo's Assorted Antiques.
 47536 | Vaults:4 | Bought a scroll of identify for 56 gold pieces
 47592 | Vaults:4 | Reached XP level 23. HP: 178/181 MP: 28/37
 47841 | Vaults:4 | Reached skill level 19 in Axes
 49013 | Vaults:5 | Entered Level 5 of the Vaults
 49136 | Depths:1 | Entered Level 1 of the Depths
 49225 | Depths:1 | Reached skill level 10 in Earth Magic
 49435 | Depths:1 | Found a one-way gate to the infinite horrors of the Abyss.
 49494 | Depths:1 | Found a gateway to Hell.
 49566 | Depths:1 | Noticed Nikola
 49595 | Depths:1 | Killed Nikola
 49769 | Depths:1 | Found the +8 Wrath of Trog {antimagic, *Rage}
 50419 | Hell     | Entered the Vestibule of Hell
 50419 | Hell     | Noticed Geryon
 50596 | Hell     | Killed Geryon
 50634 | Depths:1 | Reached XP level 24. HP: 161/191 MP: 28/37
 50924 | Depths:2 | Found Vothrat's Antique Armour Shop.
 50939 | Depths:2 | Bought a glowing scarf for 264 gold pieces
 51408 | Depths:2 | Found a transporter.
 51755 | Depths:2 | Found a transporter.
 51823 | Depths:2 | Noticed a juggernaut
 51824 | Depths:2 | Noticed a juggernaut
 51840 | Depths:2 | Killed a juggernaut
 51841 | Depths:2 | Killed a juggernaut
 51841 | Depths:2 | Reached skill level 20 in Axes
 52061 | Depths:2 | Got a smoking diamond amulet
 52068 | Depths:2 | Identified the amulet "Heqogub" {Reflect rF- Int+5 SH+4}
                  | (You found it on level 2 of the Depths)
 52083 | Depths:2 | Identified the ring "Ipruil" {Fire MR+ Str+4} (You found it
                  | on level 2 of the Depths)
 52095 | Depths:2 | Learned a level 6 spell: Iron Shot
 52195 | Depths:3 | Noticed a juggernaut
 52206 | Depths:3 | Killed a juggernaut
 52206 | Depths:3 | Reached skill level 1 in Conjurations
 52581 | Depths:3 | Found a one-way gate leading to the halls of Pandemonium.
 52908 | Depths:3 | Noticed Bai Suzhen
 52922 | Depths:3 | Killed Bai Suzhen
 53603 | Depths:3 | Noticed a caustic shrike
 53603 | Depths:3 | Noticed a juggernaut
 53606 | Depths:3 | Killed a caustic shrike
 53606 | Depths:3 | Reached XP level 25. HP: 199/199 MP: 28/37
 53609 | Depths:3 | Noticed a juggernaut
 53611 | Depths:3 | Killed a juggernaut
 53620 | Depths:3 | Killed a juggernaut
 53750 | Depths:3 | Got a sparkling iron ring
 53751 | Depths:3 | Identified the ring of the Unkillable {rElec rPois Str+4
                  | Int+6} (You found it on level 3 of the Depths)
 53862 | Depths:3 | Got a twisted scale mail
 53863 | Depths:3 | Identified the cursed +1 scale mail of the Well-Known
                  | Tables {rElec rF+ Int+2} (You found it on level 3 of the
                  | Depths)
 53950 | Depths:3 | Gained mutation: Scrolls take you a little longer to read.
                  | [a cacodemon]
 53957 | Depths:3 | Reached skill level 5 in Conjurations
 54934 | Depths:4 | Found a runed translucent door.
 54939 | Depths:4 | Identified the ring of Xom's Passing Interest {rC+ rN+}
 54940 | Depths:4 | Noticed a caustic shrike
 54941 | Depths:4 | Noticed an ancient lich
 54944 | Depths:4 | Noticed Bazinnaoc's ghost (veteran BaIE)
 54950 | Depths:4 | Found a runed translucent door.
 54978 | Depths:4 | Killed a caustic shrike
 54987 | Depths:4 | Killed an ancient lich
 55020 | Depths:4 | Reached skill level 21 in Axes
 55148 | Depths:4 | Killed Bazinnaoc's ghost
 55325 | Depths:4 | Noticed Xtahua
 55337 | Depths:4 | Killed Xtahua
 55337 | Depths:4 | Reached XP level 26. HP: 170/208 MP: 28/37
 55439 | Depths:4 | Found a gateway to a ziggurat.
 56015 | Depths:4 | Found a shattered altar of Ashenzari.
 56107 | Depths:4 | Noticed a juggernaut
 56118 | Depths:4 | Killed a juggernaut
 56262 | Depths:4 | Noticed a juggernaut
 56274 | Depths:4 | Killed a juggernaut
 56424 | Depths:5 | Entered Level 5 of the Depths
 56742 | Depths:5 | Found a basalt altar of Yredelemnul.
 57263 | Depths:5 | Identified the +6 quarterstaff "Vybism" {crush, +Fly rF-
                  | rN+ Stlth+}
 57842 | Depths:5 | Reached skill level 15 in Dodging
 58038 | Depths:5 | Found a gate to the Realm of Zot.
 58413 | Crypt:1  | Entered Level 1 of the Crypt
 58469 | Crypt:1  | Noticed Mara
 58473 | Crypt:1  | You fall into a shaft and drop 1 floor!
 58668 | Crypt:1  | Noticed Majang's illusion
 58668 | Crypt:1  | Killed Mara
 58668 | Crypt:1  | Reached XP level 27. HP: 207/217 MP: 28/37
 59050 | Crypt:2  | Reached skill level 10 in Conjurations
 59264 | Crypt:2  | Reached skill level 22 in Axes
 59724 | Crypt:2  | Found a basalt altar of Yredelemnul.
 60099 | Crypt:3  | Entered Level 3 of the Crypt
 60598 | Crypt:3  | Found an ancient bone altar of Kikubaaqudgha.
 60598 | Crypt:3  | Noticed an ancient lich
 60608 | Crypt:3  | Killed an ancient lich
 61181 | Crypt:3  | Found the +5 scythe "Finisher" {speed, eviscerate}
 61582 | Crypt:3  | Noticed Jory
 61597 | Crypt:3  | Killed Jory
 61621 | Crypt:3  | Found a staircase to the Tomb.
 61630 | Tomb:1   | Entered Level 1 of the Tomb of the Ancients
 63038 | Elf:3    | Identified the ring of Figeg {Slay+3 Stlth+}
 63061 | Elf:3    | Identified the +2 robe of Disaster {Str+4}
 63096 | Elf:3    | Identified the +2 robe of the Thirteen Nights {Int+2 Dex+2
                  | Slay-2}
 63096 | Elf:3    | Identified the amulet "Fing" {Harm *Drain rElec Str+3
                  | Dex-4}
 63335 | Elf:3    | Reached skill level 15 in Throwing
 63605 | Elf:3    | Identified the amulet of Zehiusext {Spirit *Contam rF-
                  | rN+++ Str+5}
 63624 | Elf:3    | Identified the Papyrus of Lightness and Dislocation
 63776 | Elf:3    | Identified the Papyrus of Feathery Good Luck
 63805 | Elf:3    | Identified Sif Muna's Grimoire of Displacement and Evil
                  | Secrets
 64171 | Hell     | Found a gateway to the Iron City of Dis.
 64286 | Hell     | Found a gateway to the ashen valley of Gehenna.
 64607 | Hell     | Found a gateway to the decaying netherworld of Tartarus.
 64724 | Hell     | Found a gateway to the freezing wastes of Cocytus.
 64953 | Zot:1    | Entered Level 1 of the Realm of Zot
 65401 | Zot:1    | Found a transporter.
 65430 | Zot:1    | Found a transporter.
 65459 | Zot:1    | You fall into a shaft and drop 1 floor!
 65712 | Zot:1    | Noticed an orb of fire
 65929 | Zot:1    | Got a coiled silver ring
 65941 | Zot:1    | Got a pair of ichor-stained boots
 65952 | Zot:1    | Identified the cursed -5 pair of boots of the Fisher {Int-3
                  | Dex+4 Slay+4 Stlth+} (You found it on level 1 of the Realm
                  | of Zot)
 66815 | Zot:1    | Gained mutation: You are frail. (-10% HP) [an orb of fire]
 66817 | Zot:1    | Gained mutation: Your spells are a little easier to cast,
                  | but a little less powerful. [an orb of fire]
 66826 | Zot:1    | Killed an orb of fire
 67192 | Zot:1    | Lost mutation: Scrolls take you a little longer to read.
                  | [potion of mutation]
 67192 | Zot:1    | Lost mutation: Your spells are a little easier to cast, but
                  | a little less powerful. [potion of mutation]
 67192 | Zot:1    | Gained mutation: You are partially covered in large bone
                  | plates. (SH +4) [potion of mutation]
 67192 | Zot:1    | Gained mutation: You occasionally shout uncontrollably at
                  | your foes. [potion of mutation]
 67192 | Zot:1    | Gained mutation: Your mind is acute. (Int +2) [potion of
                  | mutation]
 67193 | Zot:1    | Lost mutation: You occasionally shout uncontrollably at
                  | your foes. [potion of mutation]
 67193 | Zot:1    | Lost mutation: You are frail. (-10% HP) [potion of
                  | mutation]
 67193 | Zot:1    | Lost mutation: You are partially covered in large bone
                  | plates. (SH +4) [potion of mutation]
 67193 | Zot:1    | Lost mutation: Your mind is acute. (Int +2) [potion of
                  | mutation]
 67193 | Zot:1    | Gained mutation: You occasionally shout uncontrollably at
                  | your foes. [potion of mutation]
 67193 | Zot:1    | Gained mutation: Your flesh is cold resistant. (rC+)
                  | [potion of mutation]
 67193 | Zot:1    | Gained mutation: You have an increased reservoir of magic.
                  | (+10% MP) [potion of mutation]
 67412 | Zot:1    | Identified the ring of Summer {MR+ Str+6 Int+2 Slay+2
                  | Stlth+} (You found it on level 1 of the Realm of Zot)
 68912 | Zot:1    | You fall into a shaft and drop 1 floor!
 68939 | Zot:1    | You fall into a shaft and drop 1 floor!
 68969 | Zot:1    | You fall into a shaft and drop 1 floor!
 69241 | Zot:2    | You fall into a shaft and drop 1 floor!
 72973 | Zot:5    | Entered Level 5 of the Realm of Zot
 73447 | Zot:5    | Noticed an ancient lich
 73451 | Zot:5    | Killed an ancient lich
 73473 | Zot:5    | Noticed an orb of fire
 73479 | Zot:5    | Noticed an orb of fire
 73480 | Zot:5    | Killed an orb of fire
 73480 | Zot:5    | Noticed a Killer Klown
 73484 | Zot:5    | Noticed an orb of fire
 73489 | Zot:5    | Noticed a Killer Klown
 73503 | Zot:5    | Killed a Killer Klown
 73504 | Zot:5    | Noticed an orb of fire
 73506 | Zot:5    | Gained mutation: Armour fits poorly on your strangely
                  | shaped body. [an orb of fire]
 73507 | Zot:5    | Gained mutation: Your body sometimes deteriorates upon
                  | taking damage. [an orb of fire]
 73511 | Zot:5    | Gained mutation: Your spells are a little easier to cast,
                  | but a little less powerful. [an orb of fire]
 73513 | Zot:5    | Gained mutation: Your body often deteriorates upon taking
                  | damage. [an orb of fire]
 73518 | Zot:5    | HP: 9/224 [orb of fire/fireball (28)]
 73520 | Zot:5    | Gained mutation: Scrolls take you a little longer to read.
                  | [an orb of fire]
 73521 | Zot:5    | HP: 2/224 [electric golem/bolt of lightning (8)]
 73522 | Zot:5    | Killed from afar by an orb of fire

Levels and vault maps discovered:
D:1:      kilobyte_arrival_exit_the_forest, layout_loops_ring,
          hangedman_abyss_or_decor_stabs, minmay_bisected
D:2:      layout_rooms, lemuel_crystal_altar, lemuel_round_altar,
          chequers_ecumenical_altar_simple_redux, uniq_terence, uniq_natasha,
          uniq_jessica
D:3:      layout_basic, first_ration, serial_bayou_ford_a,
          kennysheep_generic_room_11
D:4:      layout_rooms, minitemple, minmay_bent, uniq_blork_the_orc,
          uniq_duvessa
D:5:      layout_gridville, minivault_19
D:6:      layout_gridville, bloody_makhleb, minmay_temple_entry_from_below_a,
          gup_ossuary_entry_pyramid, solitary_fountain, serial_bayou_pond_e,
          chequers_serial_rivers_micro_c, uniq_edmund
D:7:      layout_basic, grunt_ogre_cave, st_stairs_9, uniq_pikel
D:8:      layout_cave_pools, lemuel_crystal_altar, gammafunk_ghost_stat_death
D:9:      layout_rooms, lemuel_doored_altar, minivault_19, hangedman_incinerator
D:10:     layout_loops_ring, erik_lair_dragon, orc_0_dummy, enter_bailey_2
D:11:     layout_loops_ring, uniq_psyche
D:12:     layout_long_grid, hellmonk_ghost_happy_afterlife, uniq_josephine
D:13:     minmay_the_grid_square_5x5_5x5_mashed [minmay_the_grid_square_5x5_six,
          minmay_the_grid_square_5x5_v, minmay_the_grid_square_5x5_dogpile,
          minmay_the_grid_square_5x5_broken_cross,
          minmay_the_grid_square_5x5_forky, minmay_the_grid_square_5x5_slash,
          minmay_the_grid_square_5x5_prize_itemx,
          minmay_the_grid_square_5x5_minimal,
          minmay_the_grid_square_5x5_prize_snowflake,
          minmay_the_grid_square_5x5_n, minmay_the_grid_square_5x5_spiral_small,
          minmay_the_grid_square_5x5_misaligned,
          minmay_the_grid_square_5x5_prize_waves,
          minmay_the_grid_square_5x5_two_walls_b,
          minmay_the_grid_square_5x5_moneybag, minmay_the_grid_square_5x5_seven,
          minmay_the_grid_square_5x5_prize_pseudospiral,
          minmay_the_grid_square_5x5_minivault,
          minmay_the_grid_square_5x5_prize_junk,
          minmay_the_grid_square_5x5_detours,
          minmay_the_grid_square_5x5_shrine1,
          minmay_the_grid_square_5x5_intrusive_squares,
          minmay_the_grid_square_5x5_hourglass, minmay_the_grid_square_5x5_bite,
          minmay_the_grid_square_5x5_percent], layout_rooms, david_vaults_1,
          basic_altar, serial_glass, glass_columns_c, glass_columns_a,
          minmay_diced_spiral
D:14:     layout_irregular_city, serial_park_square3
          [serial_park_minivault_5x5_6], serial_shops, shop, minivault_16,
          uniq_kirke
D:15:     grunt_enter_depths_giant_problem, layout_long_grid,
          chequers_serial_rivers_micro_e, uniq_nessos
Lair:1:   wander_river, layout_cave_pods, serial_bayou_shore_b
Lair:2:   layout_regular_city
Lair:3:   layout_gridlike, minmay_swamp_entry_swarm, dummy_spider_entry,
          gammafunk_ghost_necromancy
Lair:4:   layout_roguey, lemuel_fruit_fields, serial_bayou_shore_a,
          minmay_lair_oklob_chamber, lemuel_fruit_fields
Lair:5:   layout_loops_ring, slime_altar_1
Lair:6:   minmay_lair_end_frog_pond, layout_cave_pods, gauntlet_entry_generic,
          st_stairs_8, grunt_forest_stairs_basic, uniq_rupert
Swamp:1:  layout_basic_swamp, evilmike_swamp_ruin_house_2, uniq_frances
Swamp:2:  layout_basic_swamp, hangedman_swamp_ruin_wall, swamp_pool2,
          uniq_aizul, uniq_louise
Swamp:3:  layout_falls_marsh, nicolae_swamp_very_dense_foliage, swamp_pool3,
          ldierk_geyser, roderic_carrion_pond, uniq_roxanne
Swamp:4:  swamp_pestilence, layout_basic_swamp, swamp_pool2
Spider:1: layout_spider_delve, guppyfry_spider_mini_2
Spider:2: lemuel_spider_zombies
Spider:3: layout_spider_delve, uniq_arachne, uniq_azrael, uniq_asterion
Spider:4: spider_rune_water, drop_trap, nicolae_spider_ant_collections,
          uniq_donald
Orc:1:    layout_caves, portal_ice_cave_entry_ice_beasts, nicolae_orc_tapped_out
Orc:2:    st_orc_mages, layout_caves, uniq_maurice
Elf:1:    layout_loops_corners, evilmike_minifort
Elf:2:    layout_geoelf_diagonals, minivault_26
Elf:3:    grunt_elf_hall_diamonds, layout_geoelf_castle,
          nicolae_elf_stone_circles, minivault_16
Vaults:1: vaults_mumra_lcd, vaults_mumra_hex,
          vaults_standard_mumra_enter_the_diamond, vaults_room_semicircle,
          vaults_dpeg_encased_lava, v_misc_14, ontoclasm_vaults_bender,
          st_cross, hangedman_vaults_locks,
          vaults_standard_mumra_enter_the_diamond, v_misc_3,
          layout_vaults_omnibox
Vaults:2: v_misc_23, vaults_room_semicircle, hangedman_vaults_capsules,
          st_more_cells, nicolae_vaults_ninety_degrees, v_rooms_3,
          hangedman_vaults_stream, nicolae_vaults_sealed_display,
          hangedman_vaults_nails, nicolae_vaults_asterisk,
          nicolae_vaults_ring_of_whatevers, layout_vaults_ring
Vaults:3: vaults_mumra_minichess_inversion, minmay_crypt_entry_simple_round,
          v_misc_10, v_misc_24, v_alt_pattern_5, ontoclasm_vaults_gallery,
          nicolae_vaults_shelves_hall, nicolae_vaults_yaktaur_gun_rack,
          layout_vaults_omnigrid
Vaults:4: vaults_standard_mumra_x, hangedman_vaults_stitches, st_lines,
          dpeg_vaults_monster_row, v_alt_pattern_4, nicolae_vaults_shelves_hall,
          vaults_mumra_minichess, ontoclasm_vaults_loading_screen,
          nicolae_vaults_diagonal_hallway_6, nicolae_vaults_gold_heap,
          ontoclasm_vaults_loading_screen, vaults_room_hallway,
          ontoclasm_vaults_ring_small, layout_vaults_omnicross, serial_shops,
          shop
Vaults:5: serial_shops
Crypt:1:  layout_rooms, grunt_crypt_arrival_webbed, uniq_mara
Crypt:2:  gammafunk_crypt_yreds_forest, layout_chaotic_city, corner_web_ring
Crypt:3:  cryptofortress_bobbens, uniq_jory
Tomb:1
Depths:1: layout_gridlike, abyss_entry, pf_coc_iceberg,
          serial_sigils_hangedman_etch, minmay_guarded_unrand_wrath_of_trog,
          kennysheep_random_hallway, uniq_nikola
Depths:2: gammafunk_dig_for_victory, layout_cave_shapes, nicolae_water_bricks,
          marbit_kobold_abyss_entry, serial_shops, nicolae_shop_statue_plus,
          hell_entry
Depths:3: evilmike_inaccessible_box, layout_basic, rand_demon_pan_entry_4,
          pf_hell_entry_tar_spiral, minmay_swirly_circle, uniq_bai_suzhen
Depths:4: minmay_shrinking_squares, layout_cave_shapes, enter_ziggurat_c,
          muffindrake_ghost_dual_entry, ashenzari_altar_1, abyss_entry,
          lightli_too_deep, chequers_serial_rivers_micro_b, uniq_xtahua
Depths:5: grunt_zot_entry_tricorne, layout_basic, hell_entry, pan_entry,
          hangedman_blasphemy
Hell
Zot:1:    gammafunk_sealed_arena, layout_gridville, st_stairs_3
Zot:2:    minmay_elemental_castle, layout_basic, zot_minivault_4
Zot:3:    layout_gridlike, kennysheep_underground_church
Zot:4:    lemuel_draconian_sentries_small, layout_gridlike, st_stairs_13
Zot:5:    layout_misc_corridors

Skill      XL: |  1  2  3  4  5  6  7  8  9 10 11 12 13 14 15 16 17 18 19 20 21 22 23 24 25 26 27 |
---------------+----------------------------------------------------------------------------------+-----
Dodging        | 1 2 3 4 5 6 7 8 9 10 11 12 13 14 15 17 | 17.0
Shields        | 4 5 6 7 8 9 10 11 12 13 14 15 | 15.8
Axes           | 3 4 5 6 7 8 10 11 12 13 14 15 16 17 18 19 20 21 22 | 22.4
Armour         | 4 5 6 7 8 9 10 11 12 13 14 15 16 17 19 | 19.9
Fighting       | 4 5 6 7 8 9 10 11 12 13 14 15 16 17 19 | 19.9
Invocations    | 2 4 5 7 8 9 10 | 10.0
Spellcasting   | 2 4 5 6 7 8 9 10 | 10.0
Translocations | 2 4 5 6 7 8 9 10 | 10.0
Throwing       | 2 4 5 6 7 8 9 10 11 12 13 14 18 | 18.0
Earth Magic    | 3 5 7 9 10 11 14 | 14.3
Conjurations   | 3 7 9 13 | 13.2

Action                   |  1- 3 |  4- 6 |  7- 9 | 10-12 | 13-15 | 16-18 | 19-21 | 22-24 | 25-27 || total
-------------------------+-------+-------+-------+-------+-------+-------+-------+-------+-------++-------
Melee: War axe           |   113 |   207 |   373 |   585 |  1245 |       |       |       |       ||  2523
       Morningstar       |       |       |       |     9 |    22 |       |       |       |       ||    31
       Battleaxe         |       |       |       |       |   168 |  1083 |  1086 |   909 |  2057 ||  5303
Throw: Dart              |       |       |     4 |    64 |    65 |       |       |       |       ||   133
       Boomerang         |       |       |       |     2 |    13 |   152 |   256 |   122 |   427 ||   972
       Throwing net      |       |       |       |       |     1 |       |       |       |     1 ||     2
       Javelin           |       |       |       |       |       |       |       |       |    14 ||    14
 Cast: Apportation       |       |       |       |       |     8 |    29 |    41 |    21 |    62 ||   161
       Lee's Rapid Decon |       |       |       |       |       |       |       |       |    14 ||    14
       Iron Shot         |       |       |       |       |       |       |       |       |     2 ||     2
Invok: Bend Time         |       |       |       |     1 |    10 |     8 |     2 |       |       ||    21
       Slouch            |       |       |       |     1 |     5 |     8 |     1 |     7 |     5 ||    27
       Step From Time    |       |       |       |       |       |       |     2 |       |     1 ||     3
 Abil: Dig               |     4 |    10 |    11 |    24 |    35 |    22 |    12 |    26 |    58 ||   202
       Shaft Self        |       |       |       |       |       |       |       |       |     6 ||     6
Evoke: Wand              |       |       |       |     1 |     2 |       |       |       |     4 ||     7
       Lightning rod     |       |       |       |       |     2 |       |       |       |       ||     2
  Use: Potion            |     2 |       |     1 |     4 |     3 |     4 |     9 |     3 |     8 ||    34
       Scroll            |       |     6 |     4 |    10 |    21 |     6 |    10 |     4 |    17 ||    78
 Stab: Invisible         |       |       |       |       |     2 |    15 |       |       |    18 ||    35
       Distracted        |       |       |       |       |     1 |     3 |     3 |       |     2 ||     9
       Held in net/web   |       |       |       |       |       |     1 |       |       |       ||     1
  Eat: Ration            |     1 |       |       |     1 |     2 |     1 |     1 |     1 |    10 ||    17
       Chunk             |       |     7 |    11 |    12 |    20 |    17 |    18 |    16 |    22 ||   123
Armor: Scale mail        |    17 |       |       |       |       |       |    69 |   114 |     7 ||   207
       Chain mail        |    27 |    59 |   130 |    62 |       |       |       |       |       ||   278
       Crystal plate arm |       |       |       |   104 |   216 |   288 |    87 |       |       ||   695
       Ice dragon scales |       |       |       |       |     2 |       |       |       |       ||     2
       Gold dragon scale |       |       |       |       |       |       |       |       |   388 ||   388
Dodge: Dodged            |    43 |    88 |    93 |   241 |   260 |   353 |   285 |   298 |   629 ||  2290
Block: Shield            |    47 |    74 |   177 |   486 |   229 |       |       |       |       ||  1013
       Reflection        |       |       |       |    14 |    39 |    19 |   138 |   146 |    47 ||   403
       Large shield      |       |       |       |       |  1005 |  1617 |  1249 |  1039 |  2170 ||  7080
